 Dungeon Crawl Stone Soup version 0.19-a0-1568-gdd01aac (webtiles) character file.

6640 dvd the Martial Artist (level 10, -13/67 HPs)
             Began as a Demonspawn Transmuter on Sept 15, 2016.
             Was an Elder of Dithmenos.
             Mangled by an orc warrior
             ... wielding a +0 scimitar of holy wrath
              (22 damage)
             ... on level 9 of the Dungeon.
             The game lasted 00:46:29 (10394 turns).

dvd the Martial Artist (Demonspawn Transmuter)     Turns: 10394, Time: 00:46:31

Health: -13/67     AC:  8    Str: 17    XL:     10   Next: 72%
Magic:  21/29      EV: 15    Int: 18    God:    Dithmenos [****..]
Gold:   404        SH:  0    Dex: 14    Spells: 7 memorised, 6 levels left

rFire  . . .     SeeInvis .       - Unarmed
rCold  . . .     Gourm    +     b - +0 robe
rNeg   . . .     Faith    .     (shield currently unavailable)
rPois  .         Spirit   .     (helmet restricted)
rElec  .         Dismiss  .     u - +2 cloak
rCorr  .         Reflect  .     (gloves currently unavailable)
MR     .....     Harm     .     t - +2 pair of boots
Stlth  ++++......               F - amulet of the gourmand
                                A - ring of magical power
                                n - +2 ring of intelligence

@: mighty, blade hands (expiring), infused, wreathed by umbra, invisible
A: antennae 1, claws 2, hooves 1, powered by pain 1, spiny 2
a: End Transformation, Shadow Step, Renounce Religion


You were on level 9 of the Dungeon.
You worshipped Dithmenos.
Dithmenos was greatly pleased with you.
You were very full.
You had blades for hands.
You visited 1 branch of the dungeon, and saw 9 of its levels.
You also visited: Ossuary.

You collected 525 gold pieces.
You spent 121 gold pieces at shops.

Inventory:

Hand Weapons
 y - a +4 quarterstaff of electrocution
 E - the cursed +3 dagger of Inflation {flame, rPois rF+ Int+3 SInv, unknown}
   (You found it on level 5 of the Dungeon)

   It has been specially enchanted to burn those struck by it, causing extra
   injury to most foes and up to half again as much damage against particularly
   susceptible opponents.
   It affects your intelligence (+3).
   It protects you from fire.
   It protects you from poison.
   It lets you see invisible.
   It has a curse placed upon it.
   Dithmenos disapproves of the use of such an item.
Missiles
 a - 168 arrows
Armour
 b - a +0 robe (worn)
 e - a +0 chain mail of cold resistance
 t - a +2 pair of boots (worn)
 u - a +2 cloak (worn)
 J - a +0 pair of gloves (melded)
Jewellery
 m - an uncursed ring of stealth {unknown}
 n - a +2 ring of intelligence (left scythe-like blade)
 A - a ring of magical power (right scythe-like blade)
 F - an amulet of the gourmand (around neck)
Wands
 w - a wand of polymorph (20/24)
 G - a wand of lightning (6/15)
 H - a wand of slowing (41/48)
Scrolls
 j - 11 scrolls of identify
 l - 2 scrolls of recharging
 p - 10 scrolls of remove curse
 q - 5 scrolls of teleportation
 s - a scroll of magic mapping
 I - a scroll of fog
Potions
 g - 3 potions of might
 h - a potion of haste
 k - a potion of cancellation {unknown}
 o - 2 potions of heal wounds {unknown}
 r - 4 potions of agility
 v - a potion of invisibility
 B - 2 potions of curing
Books
 c - a book of Changes

   Spells                             Type                      Level
   a - Beastly Appendage              Transmutation                1
   b - Sticks to Snakes               Transmutation                2
   c - Spider Form                    Transmutation/Poison         3
   d - Ice Form                       Ice/Transmutation            4
   e - Blade Hands                    Transmutation                5
 f - a Necronomicon

   Spells                             Type                      Level
   a - Haunt                          Necromancy/Summoning         7
   b - Borgnjor's Revivification      Necromancy                   8
   c - Death's Door                   Charms/Necromancy            8
   d - Infestation                    Necromancy                   8
   e - Necromutation                  Transmutation/Necromancy     8
 D - a book of Battle

   Spells                             Type                      Level
   a - Infusion                       Charms                       1
   b - Shroud of Golubria             Charms/Translocation         2
   c - Song of Slaying                Charms                       2
   d - Spectral Weapon                Hexes/Charms                 3
   e - Regeneration                   Charms/Necromancy            3
Comestibles
 d - 5 bread rations
 i - 9 meat rations
 x - 4 chunks of flesh
 z - 9 slices of pizza
 C - 22 fruits


   Skills:
 + Level 2.0 Fighting
 + Level 5.1 Dodging
 + Level 4.2 Stealth
 + Level 8.8 Unarmed Combat
 + Level 7.0 Spellcasting
 + Level 4.0 Charms
 + Level 3.2 Necromancy
 + Level 2.1 Translocations
 * Level 6.0 Transmutations
 + Level 1.1 Poison Magic


You had 6 spell levels left.
You knew the following spells:

 Your Spells              Type           Power        Failure   Level  Hunger
a - Beastly Appendage     Tmut           ####..       14%         1    None
b - Spider Form           Tmut/Pois      ###.......   45%         3    ##.....
c - Shroud of Golubria    Chrm/Tloc      ###.......   36%         2    None
d - Regeneration          Chrm/Necr      ###.......   45%         3    ##.....
e - Infusion              Chrm           ###.         21%         1    None
f - Sticks to Snakes      Tmut           ####....     17%         2    None
g - Blade Hands           Tmut           ####......   71%         5    #####..


Dungeon Overview and Level Annotations

Branches:
Dungeon (9/15)             Temple (0/1) D:7            Lair (0/6) D:8
    Orc: D:9-12

Altars:
Dithmenos
Elyvilon
Gozag
Hepliaklqana
Okawaru
Qazlal
Ru
Trog
Xom
Zin
The Shining One

Shops:
D:6 [

Annotations:
D:7 4 runed doors


Innate Abilities, Weirdness & Mutations

You have a pair of small antennae on your head.
You have very sharp fingernails.
You have large cloven feet.
You sometimes gain a little power by taking damage.
You are mostly covered in sharp spines.


Message History

You slash the orc wizard!!
You kill the orc wizard!
Dithmenos accepts your kill.
Dithmenos appreciates your extinguishing a source of fire.
The orc priest mumbles some strange prayers to Beogh against you.
Pain shoots through your body!
You hit the orc warrior.
The orc warrior is lightly wounded.
The orc warrior hits you with a scimitar of holy wrath!
You convulse.
The orc priest calls down the wrath of Beogh upon you.
Beogh smites you!
You focus on the pain.
You feel very mighty all of a sudden.
It was a potion of invisibility.
You fade into invisibility!
The orc priest invokes the aid of Beogh against you.
Beogh smites you!
* * * LOW HITPOINT WARNING * * *
The orc warrior hits you with a scimitar of holy wrath!!
You die...

............
#........... #
#..###..##.) #. #..#
#..##.. #.. ### #..#
#..##.. #... #.# #..#
#..##.. ..... #.###..#
#).##..
#...oo###......###......
.....oo@................
########################


You could see an orc warrior, an orc priest and 2 orcs.

Vanquished Creatures
  A hydra (D:8)
  Joseph (D:7)
  Prince Ribbit (D:7)
  2 dream sheep (D:8)
  6 yaks
  A hippogriff (D:8)
  A hungry ghost (D:7)
  A steam dragon (D:9)
  Menkaure (D:7)
  2 hell hounds (D:8)
  2 orc warriors
  3 sky beasts
  An ice beast (D:8)
  A wasp (D:8)
  A phantom (D:6)
  3 ogres
  A centaur (D:8)
  4 big kobolds
  2 elf zombies (Ossuary)
  5 bullfrogs
  4 scorpions
  A crimson imp (D:8)
  2 centaur skeletons
  A jelly (D:8)
  3 bullfrog skeletons
  5 orc priests
  A gnoll shaman (D:5)
  4 hounds
  Crazy Yiuf (D:2)
  3 iguanas
  11 orc wizards
  7 worker ants
  A big kobold zombie (Ossuary)
  2 mummies (Ossuary)
  A worker ant zombie (D:9)
  5 gnolls
  9 adders
  3 shadow imps
  An ooze (D:2)
  2 adder zombies
  4 worms
  4 dart slugs
  6 leopard geckos
  40 orcs
  2 ball pythons
  4 giant cockroaches
  9 hobgoblins
  22 jackals
  5 quokkas
  6 bats
  2 frilled lizards
  A giant cockroach zombie (D:4)
  8 goblins
  A goblin zombie (Ossuary)
  9 hobgoblin zombies (Ossuary)
  4 jackal zombies (Ossuary)
  12 kobolds
  10 kobold zombies (Ossuary)
  8 orc zombies (Ossuary)
  2 quokka skeletons
  12 rats
  2 rat zombies (Ossuary)
280 creatures vanquished.

Vanquished Creatures (collateral kills)
  An orc wizard (D:9)
  A shadow imp (D:8)
2 creatures vanquished.

Vanquished Creatures (others)
  A quokka (D:7)
1 creature vanquished.

Grand Total: 283 creatures vanquished

Notes
Turn   | Place    | Note
-------+----------+-------------------------------------------
     0 | D:1      | dvd the Demonspawn Transmuter began the quest for the Orb.
     0 | D:1      | Reached XP level 1. HP: 15/15 MP: 3/3
   375 | D:1      | Reached skill level 3 in Unarmed Combat
   375 | D:1      | Gained mutation: You are partially covered in sharp spines. [demonic ancestry]
   375 | D:1      | Reached XP level 2. HP: 21/21 MP: 3/5
   655 | D:1      | Gained mutation: You sometimes gain a little power by taking damage. [demonic ancestry]
   655 | D:1      | Reached XP level 3. HP: 21/26 MP: 6/6
  1294 | D:2      | Reached XP level 4. HP: 19/32 MP: 7/7
  1438 | D:2      | Learned a level 3 spell: Spider Form
  1682 | D:2      | Found a runed door.
  1686 | D:2      | Noticed Crazy Yiuf
  1694 | D:2      | Killed Crazy Yiuf
  2290 | D:3      | Gained mutation: You have sharp fingernails. [demonic ancestry]
  2290 | D:3      | Reached XP level 5. HP: 37/37 MP: 6/8
  2394 | D:3      | Reached skill level 4 in Unarmed Combat
  2806 | D:3      | Found a shadowy altar of Dithmenos.
  2810 | D:3      | Became a worshipper of Dithmenos the Shadowed
  3424 | D:4      | Gained mutation: You have very sharp fingernails. [demonic ancestry]
  3424 | D:4      | Reached XP level 6. HP: 10/43 MP: 10/10
  3726 | D:4      | Reached skill level 1 in Stealth
  3887 | D:4      | Reached skill level 5 in Unarmed Combat
  4117 | D:4      | Gained mutation: You are mostly covered in sharp spines. [demonic ancestry]
  4117 | D:4      | Reached XP level 7. HP: 43/48 MP: 11/11
  4124 | D:4      | Learned a level 2 spell: Shroud of Golubria
  4212 | D:4      | Found a bloodstained altar of Trog.
  4516 | D:4      | Found a glowing silver altar of Zin.
  4578 | D:5      | Entered Level 5 of the Dungeon
  4600 | D:5      | Reached * piety under Dithmenos
  4800 | D:5      | Learned a level 3 spell: Regeneration
  4991 | D:5      | Got a polished dagger
  5164 | D:5      | Found a glowing golden altar of the Shining One.
  5351 | D:5      | Reached skill level 1 in Charms
  5354 | D:5      | Reached skill level 6 in Unarmed Combat
  5354 | D:5      | Reached XP level 8. HP: 29/54 MP: 13/13
  5649 | D:6      | Found an iron altar of Okawaru.
  5701 | D:6      | Found a sand-covered staircase.
  5719 | Ossuary  | Entered an ossuary
  5736 | Ossuary  | Reached ** piety under Dithmenos
  5850 | Ossuary  | Reached skill level 1 in Translocations
  6218 | D:6      | Reached *** piety under Dithmenos
  6267 | D:6      | Found Ukaoch's Antique Armour Shoppe.
  6273 | D:6      | Bought a pair of embroidered boots for 121 gold pieces
  6315 | D:6      | Reached skill level 7 in Unarmed Combat
  6610 | D:6      | Found an opulent altar of Gozag.
  7079 | D:7      | Noticed Joseph
  7101 | D:7      | Killed Joseph
  7101 | D:7      | Reached skill level 5 in Spellcasting
  7101 | D:7      | Reached skill level 1 in Necromancy
  7101 | D:7      | Gained mutation: You have a pair of small antennae on your head. [demonic ancestry]
  7101 | D:7      | Reached XP level 9. HP: 26/59 MP: 16/16
  7140 | D:7      | Found a white marble altar of Elyvilon.
  7177 | D:7      | Noticed Menkaure
  7322 | D:6      | Learned a level 1 spell: Infusion
  7339 | D:7      | Killed Menkaure
  7441 | D:7      | Found a staircase to the Ecumenical Temple.
  7491 | D:7      | Found a sacrificial altar of Ru.
  7702 | D:7      | Found a huge runed gate.
  7702 | D:7      | Found a huge runed gate.
  7702 | D:7      | Found a huge runed gate.
  7702 | D:7      | Found a huge runed gate.
  7702 | D:7      | Noticed a polar bear
  7702 | D:7      | Noticed a griffon
  7951 | D:7      | Noticed Prince Ribbit
  7956 | D:7      | Killed Prince Ribbit
  7956 | D:7      | Reached skill level 1 in Poison Magic
  8110 | D:8      | Learned a level 2 spell: Sticks to Snakes
  8634 | D:8      | Found a staircase to the Lair.
  8658 | D:8      | Reached skill level 8 in Unarmed Combat
  8658 | D:8      | Reached skill level 5 in Transmutations
  8666 | D:8      | Found a hazy altar of Hepliaklqana.
  8837 | D:8      | Gained mutation: You have large cloven feet. [demonic ancestry]
  8837 | D:8      | Reached XP level 10. HP: 65/65 MP: 19/19
  9240 | D:8      | Noticed a three-headed hydra
  9245 | D:8      | Reached **** piety under Dithmenos
  9266 | D:8      | Killed a three-headed hydra
  9587 | D:8      | Reached skill level 5 in Dodging
  9727 | D:9      | Found a shimmering altar of Xom.
  9734 | D:9      | Found a shimmering altar of Xom.
  9737 | D:9      | Found a shimmering altar of Xom.
  9737 | D:9      | Found a shimmering altar of Xom.
  9811 | D:9      | Found a shimmering altar of Xom.
  9828 | D:9      | Found a shimmering altar of Xom.
  9830 | D:9      | Found a shimmering altar of Xom.
 10045 | D:9      | Learned a level 5 spell: Blade Hands
 10182 | D:9      | Found a stormy altar of Qazlal.
 10394 | D:9      | Mangled by an orc warrior

Vault maps used:
D:1:      mrwooster_arrival_statue_3
D:2:      first_bread, uniq_crazy_yiuf_cottage
D:3:      roderic_lattice_a, grunt_dithmenos_smoke_and_mirrors
D:4:      lemuel_doored_altar, marbit_many_paths, corexii_shack
D:5:      tso_oasis_becter
D:6:      okawaru_ov_weapons_minmay, lemuel_coloured_pillars_altar,
          serial_shops, shop, nicolae_ossuary_entry_monument
D:7:      lemuel_bear_cage, elyvilon_altar_4, nicolae_ru_awakened_eye,
          uniq_joseph, uniq_menkaure, uniq_prince_ribbit1
D:8:      overflow_temple_1_default, minmay_lair_entry_lava, hangedman_ranch
D:9:      nicolae_qazlal_eye_of_the_storm, enter_bailey_7,
          nicolae_xom_altar_mimics
Ossuary:  ossuary_tomb_1

Skill      XL: |  1  2  3  4  5  6  7  8  9 10 |
---------------+-------------------------------+-----
Dodging        | 2 3 4 5 |  5.1
Unarmed Combat | 3 4 5 6 7 8 |  8.8
Transmutations | 2 3 5 6 |  6.0
Spellcasting   | 3 5 6 7 |  7.0
Stealth        | 1 2 3 4 |  4.2
Charms         | 1 2 3 4 |  4.0
Translocations | 1 2 |  2.1
Necromancy     | 1 2 3 |  3.2
Poison Magic   | 1 |  1.1
Fighting       | 2 |  2.0

Action                   |  1- 3 |  4- 6 |  7- 9 | 10-12 || total
-------------------------+-------+-------+-------+-------++-------
Melee: Unarmed           |    96 |   161 |   350 |   104 ||   711
       Kick              |    10 |    10 |    10 |       ||    30
       Headbutt          |     6 |    14 |     5 |       ||    25
       Punch             |       |     4 |     7 |     4 ||    15
 Cast: Beastly Appendage |    23 |    28 |    18 |       ||    69
       Spider Form       |       |     1 |    12 |       ||    13
       Shroud of Golubri |       |       |    33 |     7 ||    40
       Regeneration      |       |       |    27 |     4 ||    31
       Infusion          |       |       |    10 |     9 ||    19
       Sticks to Snakes  |       |       |     6 |     7 ||    13
       Blade Hands       |       |       |       |     1 ||     1
Invok: Shadow Step       |       |       |     1 |     1 ||     2
  Use: Scroll            |       |       |    17 |     1 ||    18
       Potion            |       |       |     4 |     1 ||     5
 Stab: Sleeping          |       |       |    11 |     3 ||    14
       Distracted        |       |       |     1 |     1 ||     2
  Eat: Chunk             |     2 |     9 |    39 |     6 ||    56
       Beef jerky        |       |       |     1 |       ||     1
Armor: Robe              |     8 |    19 |    37 |    18 ||    82
       Skin              |       |       |     3 |       ||     3
Dodge: Dodged            |    49 |   113 |   239 |    76 ||   477
